 Dungeon Crawl Stone Soup version 0.30-a0-385-gfebfb9b408 (webtiles) character file.

Game seed: 14021246334301428062

253 bande the Covered (level 6, 0/38 HPs)
             Began as a Gargoyle Fighter on Dec 3, 2022.
             Slain by Crazy Yiuf
             ... wielding a +4 quarterstaff of chaos
              (8 damage)
             ... on level 4 of the Dungeon.
             The game lasted 00:05:33 (4106 turns).

bande the Covered (Gargoyle Fighter)                Turns: 4106, Time: 00:05:34

Health: 0/38       AC: 11    Str: 20    XL:     6   Next: 14%
Magic:  6/6        EV:  9    Int:  8    God:
Gold:   170        SH:  4    Dex: 11    Spells: 5/5 levels left

rFire   . . .      SeeInvis .    a - +0 war axe
rCold   + . .      Faith    .    c - +0 buckler
rNeg    + . .      Spirit   .    b - +0 scale mail
rPois   ∞          Reflect  .    (no helmet)
rElec   +          Harm     .    (no cloak)
rCorr   .          Rampage  .    (no gloves)
Will    +....                    (no boots)
Stlth   ..........               (no amulet)
HPRegen 0.26/turn                e - ring of willpower
MPRegen 0.10/turn                (no ring)

@: no status effects
A: sickness immunity, AC +4, negative energy resistance 1, electricity
resistance, torment resistance 1, petrification resistance, cold resistance 1,
mutation resistance 1
a: no special abilities


You were on level 4 of the Dungeon.
You visited 1 branch of the dungeon, and saw 4 of its levels.

You collected 170 gold pieces.

Inventory:

Hand Weapons
 a - a +0 war axe (weapon)
Armour
 b - a +0 scale mail (worn)
 c - a +0 buckler (worn)
Jewellery
 e - a ring of willpower (left hand)
 i - a +6 ring of strength
Scrolls
 g - 2 scrolls of identify
 h - a scroll of poison
Potions
 d - a potion of might
 f - a potion of magic
 j - a potion of mutation
 k - a potion of cancellation
 l - a potion of haste
 n - a potion of curing


   Skills:
 + Level 4.2 Fighting
 + Level 4.1 Axes
 + Level 4.3 Armour
 + Level 4.1 Shields


You had 5 spell levels left.
You didn't know any spells.
Your spell library contained the following spells:

 Spells                   Type           Power      Damage    Failure   Level
 Ensorcelled Hibernation  Hex/Ice        0%         N/A       93%         2
 Passwall                 Tmut/Erth      0%         N/A       93%         2
 Poisonous Vapours        Pois/Air       0%         N/A       93%         2
 Mephitic Cloud           Conj/Pois/Air  0%         N/A       99%         3
 Swiftness                Air            0%         N/A       99%         3
 Cigotuvi's Dreadful Rot  Necr/Pois/Air  Unusable   N/A       N/A         2

Dungeon Overview and Level Annotations

Branches:
Dungeon (4/15)
 Temple: D:4-7

Altars:
Ru
The Shining One

Annotations:
D:4 Crazy Yiuf


Innate Abilities, Weirdness & Mutations

You are immune to sickness and miasma.
Your stone body is resilient. (AC +4)
You are immune to poison.
You resist negative energy. (rN+)
You are resistant to electric shocks. (rElec)
You are resistant to unholy torment.
You are immune to petrification.
Your flesh is cold resistant. (rC+)
You are somewhat resistant to further mutation.


Message History

You slash the dart slug!
You kill the dart slug!
No target in view!
No target in view!
No target in view!
No target in view!
You see here a dart slug corpse.
You see here a dart slug corpse.
You see here a +0 short sword.
You see here a +0 club.
Things that are here:
a +0 dagger; a +0 robe
There is a stone staircase leading down here.
Crazy Yiuf shouts!
Could not explore, unopened runed door.
You open the door.
Crazy Yiuf drinks a potion.
Crazy Yiuf suddenly seems more resistant.
Crazy Yiuf hits you but does no damage.
There is an open translucent door here.
You slash Crazy Yiuf!
Crazy Yiuf is moderately wounded.
Crazy Yiuf hits you with a +4 quarterstaff of chaos!
Crazy Yiuf freezes you.
You hit Crazy Yiuf.
Crazy Yiuf is moderately wounded.
Crazy Yiuf hits you with a +4 quarterstaff of chaos!
You block Crazy Yiuf's attack.
You hit Crazy Yiuf.
Crazy Yiuf is moderately wounded.
Crazy Yiuf hits you with a +4 quarterstaff of chaos.
* * * LOW HITPOINT WARNING * * *
Crazy Yiuf freezes you.
* * * LOW HITPOINT WARNING * * *
You slash Crazy Yiuf!
Crazy Yiuf is severely wounded.
Crazy Yiuf barely misses you.
You hit Crazy Yiuf.
Crazy Yiuf is almost dead.
Crazy Yiuf hits you with a +4 quarterstaff of chaos!
You die...

#.# #.########
.........# .........#
.........# ..########
..# #### ♣♣#### ..#
#)..#♣♣ ♣♣....### ..#
#..g@.♣♣♣♣.......####
..#
#...#♣..♣......#.....
..# ####
♣♣♣.♣....##.#... ..#
♣♣♣♣♣##>...... #.#
#### #..).... #'####
#..##########
#....### ....>#
#...........# ###.##
.....###...........#
#.#
.)....##...........#
#.#


You could see Crazy Yiuf (resistant).

Vanquished Creatures
  A scorpion (D:4)
  A jelly (D:4)
  An orc wizard (D:4)
  4 adders
  2 dart slugs
  3 worms
  6 orcs
  7 ball pythons
  10 endoplasms
  3 giant cockroaches
  11 goblins
  6 hobgoblins
  8 kobolds
  2 quokkas
  5 bats
  3 frilled lizards
  3 rats (D:1)
76 creatures vanquished.

Notes
Turn   | Place    | Note
-------+----------+-------------------------------------------
     0 | D:1      | bande the Gargoyle Fighter began the quest for the Orb.
     0 | D:1      | Reached XP level 1. HP: 14/14 MP: 1/1
   184 | D:1      | Reached XP level 2. HP: 19/19 MP: 2/2
   950 | D:1      | Reached XP level 3. HP: 20/23 MP: 3/3
  1435 | D:2      | Reached XP level 4. HP: 27/29 MP: 4/4
  2554 | D:3      | Found a sacrificial altar of Ru.
  3099 | D:4      | Reached XP level 5. HP: 31/33 MP: 5/5
  3346 | D:4      | Reached XP level 6. HP: 23/38 MP: 6/6
  3352 | D:4      | Gained mutation: You are somewhat resistant to further
                  | mutation. [potion of mutation]
  3352 | D:4      | Gained mutation: Your flesh is cold resistant. (rC+)
                  | [potion of mutation]
  3477 | D:4      | Found a runed translucent door.
  3478 | D:4      | Noticed Crazy Yiuf
  3675 | D:4      | Found a glowing golden altar of the Shining One.
  4106 | D:4      | Slain by Crazy Yiuf

Illustrated notes

Levels and vault maps discovered:
D:1:      minmay_arrival_nine_rooms, layout_basic
D:2:      layout_basic
D:3:      layout_basic, hangedman_ru_absence, kennysheep_cross_bottleneck
D:4:      layout_basic, lemuel_doored_altar, grunt_decor_one_mirror,
          uniq_crazy_yiuf_cottage

Skill      XL: |  1  2  3  4  5 |
---------------+----------------+-----
Axes           | 2 3 4 |  4.1
Armour         | 4 |  4.3
Shields        | 4 |  4.1
Fighting       | 4 |  4.2

Action                   |  1- 3 |  4- 6 || total
-------------------------+-------+-------++-------
Melee: War axe           |    74 |   156 ||   230
  Use: Scroll            |       |    11 ||    11
       Potion            |       |     1 ||     1
Armor: Scale mail        |    51 |   103 ||   154
Dodge: Dodged            |    33 |    74 ||   107
Block: Buckler           |    14 |    33 ||    47

Table legend: (Time is in decaauts)
 A = Elapsed time spent in this place.
 B = Non-inter-level travel time spent in this place.
 C = Inter-level travel time spent in this place.
 D = Time resting spent in this place.
 E = Time spent auto-exploring this place.
 F = Levels seen in this place.
 G = Mean time per level.
                   A        B        C        D        E       F      G
               +--------+--------+--------+--------+--------+-----+--------+
         Total |   4194 |   4006 |    188 |    305 |   3074 |   4 | 1048.5 |
       Dungeon |   4194 |   4006 |    188 |    305 |   3074 |   4 | 1048.5 |
               +--------+--------+--------+--------+--------+-----+--------+

Top non-repeatable levels by time:
     D:1: 1124 daAuts
     D:4: 1118 daAuts
     D:2: 1010 daAuts
     D:3: 940 daAuts
